[Event "GrandPrix_29.05"]
[Site "Chess.com"]
[Date "2020.05.29"]
[Round "5"]
[White "Nikame"]
[Black "lilleper1"]
[Result "1/2-1/2"]
[WhiteElo "2468"]
[BlackElo "2363"]
[TimeControl "600+2"]
[EndTime "11:31:12 PDT"]
[Termination "Game drawn by repetition"]

1. d4 Nf6 2. Bg5 Ne4 3. Bf4 d5 4.
e3 Nc6 5. Bd3 g5 6. Bg3 Nxg3 7.
hxg3 e5 8. dxe5 Nxe5 9. Rxh7 Nxd3+ 10. Qxd3 Rxh7 11. Qxh7 Qf6 12. Nc3 c6 13. Qd3 Bf5 14.
Qd2 O-O-O 15. O-O-O Bg7 16. Qd4 Qg6 17. Qa4 Kb8 18.
Nge2 Rh8 19. Nd4 Bc8 20. a3 Qf6 21. f3 Qe5 22. e4 dxe4 23. fxe4 Bg4 24. Qb4 Ka8 25. Nf3 Qxg3 26. Qe7 Qf4+ 27. Kb1 Qf6 28. Qxf6 Bxf6 29. Rd3 Be6 30. b3 g4 31. Nd4 Bxd4 32.
Rxd4 Kb8 33. Ne2 Rh1+ 34. Kb2 Rf1 35. g3 c5 36. Rd8+ Kc7 37. Rg8 Re1 38. Nf4 Rxe4 39.
Rg5 b6 40. Nxe6+ fxe6 41. Rg7+ Kc6 42. Rxa7 Re3 43. Re7 Kd6 44. Rb7 Kc6 45. Re7 Kd6 46.
Rb7 Kc6 47. Re7 1/2-1/2

[Event "GrandPrix_29.05"]
[Site "Chess.com"]
[Date "2020.05.29"]
[Round "5"]
[White "chess_big_master"]
[Black "Happy1712Drummer"]
[Result "0-1"]
[WhiteElo "2026"]
[BlackElo "2192"]
[TimeControl "600+2"]
[EndTime "11:31:30 PDT"]
[Termination "Happy1712Drummer won on time"]

1. d4 d5 2. Nf3 Nf6 3. c4 c6 4. Nc3 e6 5. e3 Nbd7 6. Qc2 Bd6 7. Bd3 O-O 8. e4 dxc4 9. Bxc4 e5 10. O-O exd4 11. Nxd4 Nb6 12. Be2 Bxh2+ 13. Kxh2 Qxd4 14. Be3 Qb4 15. f3 Nc4 16. Bg5 Qd6+ 17. g3 Nh5 18.
Rg1 Qc5 19. Qc1 Ne5 20. g4 Qf2+ 21. Rg2 Nxf3+ 22. Bxf3 Qxf3 23. gxh5 Qxh5+ 24. Kg1 Bh3 25. Rg3 f5 26. Qe3 Bg4 27. exf5 Rxf5 28. Bf4 Re8 29. Qd4 c5 30. Qd2 Bf3 31. Rf1 Qh1+ 32. Kf2 Qh2+ 33. Kxf3 Qxd2 0-1

[Event "GrandPrix_29.05"]
[Site "Chess.com"]
[Date "2020.05.29"]
[Round "5"]
[White "Guenplen"]
[Black "Saxar85"]
[Result "1-0"]
[WhiteElo "2525"]
[BlackElo "2459"]
[TimeControl "600+2"]
[EndTime "11:31:31 PDT"]
[Termination "Guenplen won by resignation"]

1. d4 Nf6 2. Bf4 e6 3. e3 b6 4. Qf3 d5 5. Nc3 Bb7 6. O-O-O a6 7. g4 Nbd7 8. g5 Ne4 9. Nxe4 dxe4 10. Qg3 Rc8 11. Ne2 b5 12. Bg2 Nb6 13. Nc3 Nd5 14. Nxe4 Be7 15. Be5 Kf8 16. Nc5 Ba8 17. h4 a5 18. h5 Bd6 19. h6 Bxe5 20. Qxe5 Rg8 21. hxg7+ Rxg7 22. f4 Qd6 23. Rh3 Nxf4 24. exf4 Bxg2 25.
Rc3 Rd8 26. b3 b4 27. Rg3 Bd5 28. Rh3 Bg2 29. Rh2 Bf3 30. Rd3 Bg4 31. Nb7 Qxe5 32. dxe5 Rxd3 33. cxd3 Ke7 34. Nxa5 Kd7 35. Nc4 Bf5 36.
Ne3 Rg8 37. Nxf5 exf5 38. Rxh7 Ke7 39. Kb2 c5 40. a4 bxa3+ 41. Kxa3 Ra8+ 42. Kb2 Rg8 43.
Kc3 1-0

[Event "GrandPrix_29.05"]
[Site "Chess.com"]
[Date "2020.05.29"]
[Round "5"]
[White "iceboy88"]
[Black "ftorodent"]
[Result "1-0"]
[WhiteElo "2463"]
[BlackElo "2166"]
[TimeControl "600+2"]
[EndTime "11:31:31 PDT"]
[Termination "iceboy88 won by resignation"]

1. Nf3 d5 2. g3 c6 3. Bg2 Bg4 4.
O-O Nd7 5. d3 Ngf6 6. h3 Bh5 7.
Qe1 e5 8. e4 dxe4 9. dxe4 Be7 10.
a4 O-O 11. Na3 Qc7 12. Nc4 Bg6 13. Nh4 Nc5 14. b4 Ne6 15. c3 Rfe8 16. Nxg6 hxg6 17.
Be3 b5 18. axb5 cxb5 19. Nb2 a5 20. bxa5 Rxa5 21. Rxa5 Qxa5 22. Nd3 Nd7 23. f4 exf4 24. gxf4 Rc8 25. f5 gxf5 26. exf5 Nec5 27. Nxc5 Bxc5 28. Bxc5 Nxc5 29. f6 Ne6 30. Rf3 g6 31. Qe3 b4 32.
cxb4 Qxb4 33. Kh1 Rd8 34. Rf1 Rd2 35. Be4 Qd6 36. Bg2 Rd4 37. Rc1 Kh7 38. Qf2 Rf4 39. Qb2 Nd4 40. Rd1 Qxf6 41. Qb8 Nf5 42. Qxf4 1-0

[Event "GrandPrix_29.05"]
[Site "Chess.com"]
[Date "2020.05.29"]
[Round "5"]
[White "SergeyVashchilov"]
[Black "DarkAlekhine"]
[Result "1/2-1/2"]
[WhiteElo "2082"]
[BlackElo "2018"]
[TimeControl "600+2"]
[EndTime "11:31:36 PDT"]
[Termination "Game drawn by repetition"]

1. e4 Nf6 2. e5 Nd5 3. c4 Nb6 4. d4 d6 5. exd6 exd6 6. Nc3 Nc6 7. Bd3 Nxd4 8. Bxh7 Rxh7 9. Qxd4 Rh4 10. Qe3+ Qe7 11. b3 Bd7 12. Nf3 Rh8 13. a4 Qxe3+ 14. Bxe3 Bc6 15. Nb5 Kd7 16. a5 Nc8 17. Nbd4 Bxf3 18.
Nxf3 a6 19. O-O-O Ne7 20. Rhe1 Rh5 21. Bd2 Nc6 22. Bc3 Re8 23. b4 Rxe1 24. Rxe1 Rf5 25. Kc2 g5 26. h3 Be7 27. Rb1 Rf4 28. Kd3 g4 29. hxg4 Rxg4 30. g3 d5 31. cxd5 Nxb4+ 32. Bxb4 Rxb4 33. Ne5+ Ke8 34. Rxb4 Bxb4 35. Nc4 Ke7 36.
f4 Bc5 37. g4 b6 38. d6+ Bxd6 39. axb6 cxb6 40. Nxb6 Ke6 41. Ke4 a5 42. g5 Bc7 43.
f5+ Kd6 44. Nc4+ Ke7 45. Nb2 Bb6 46. Nc4 Bc7 47. Nb2 Bb6 48. Nc4 Bc7 1/2-1/2

[Event "GrandPrix_29.05"]
[Site "Chess.com"]
[Date "2020.05.29"]
[Round "5"]
[White "DinaBelenkaya"]
[Black "rim1618"]
[Result "0-1"]
[WhiteElo "1599"]
[BlackElo "2483"]
[TimeControl "600+2"]
[EndTime "11:31:38 PDT"]
[Termination "rim1618 won by resignation"]

1. e4 d6 2. d4 Nf6 3. Nc3 e5 4.
Nf3 Nbd7 5. Bc4 Be7 6. O-O O-O 7. a4 a5 8. Re1 c6 9. Bf1 Re8 10. b3 Qc7 11. Ba3 Nf8 12. d5 Ng6 13. g3 Bd7 14. Qd2 Rac8 15. Rac1 h6 16. h4 Red8 17. Bg2 Bf8 18. Bb2 Re8 19. Nd1 cxd5 20. exd5 Bf5 21. c4 Ne4 22. Qe2 Nc5 23. Ne3 Bd3 24. Qd1 Be4 25.
h5 Ne7 26. Bf1 Rcd8 27. Rc3 Kh8 28. Nh4 Bh7 29. f3 Ng8 30. Bh3 Nf6 31. g4 e4 32.
Nef5 exf3 33. Rxf3 Rxe1+ 34. Qxe1 Re8 35. Re3 Rxe3 36.
Qxe3 Qd8 37. Ng2 Bxf5 38. gxf5 Be7 39. Nh4 Kg8 40. Qe2 Nxb3 41. Bg2 Nc5 42. Bh3 Nxa4 43. Bd4 Nd7 44. Ng2 Bf6 45. Bf2 Nc3 46. Qe3 a4 47. Nf4 a3 48. Qa7 a2 49. Bf1 a1=Q 50.
Qxa1 Ne2+ 51. Bxe2 Bxa1 52. Ng2 Be5 0-1

[Event "GrandPrix_29.05"]
[Site "Chess.com"]
[Date "2020.05.29"]
[Round "5"]
[White "klimkoj"]
[Black "AvitalBor"]
[Result "0-1"]
[WhiteElo "2123"]
[BlackElo "2507"]
[TimeControl "600+2"]
[EndTime "11:31:39 PDT"]
[Termination "AvitalBor won by resignation"]

1. e4 e5 2. Nf3 Nc6 3. Bb5 a6 4. Ba4 Nf6 5. O-O b5 6. Bb3 Bb7 7. Re1 Bc5 8. c3 d6 9. d4 Bb6 10. Bc2 h6 11. a4 O-O 12. Qd3 exd4 13. Nxd4 Bxd4 14. cxd4 Nb4 15. Qc3 Nxc2 16. Qxc2 Bxe4 17. Qb3 Qd7 18. Nc3 Bd3 19. Bf4 Qf5 20. Bg3 Rae8 21. axb5 axb5 22. Qd1 Bc4 23. Qd2 Rxe1+ 24. Rxe1 Ra8 25.
h3 Nd5 26. Nxd5 Bxd5 27. Qc3 Ra7 28. Kh2 Qg6 29. Re7 Ra1 30. f3 Be6 31. Rxc7 Qb1 32. Bf2 d5 33. Qc2 Qh1+ 34. Kg3 g5 35. Re7 h5 36.
Rxe6 h4+ 37. Kg4 Qxg2+ 38. Kh5 Qxf3+ 39. Kxg5 fxe6 40. Qc8+ Kg7 41. Qc7+ Qf7 42. Qe5+ Kg8 43. Kxh4 Qh7+ 44. Kg5 Qg7+ 45. Kf4 Qxe5+ 46. Kxe5 Kf7 47. h4 Ra2 48. h5 Rxb2 0-1

[Event "GrandPrix_29.05"]
[Site "Chess.com"]
[Date "2020.05.29"]
[Round "5"]
[White "BogdanBelyakov89"]
[Black "FLamps8"]
[Result "0-1"]
[WhiteElo "2214"]
[BlackElo "2202"]
[TimeControl "600+2"]
[EndTime "11:31:39 PDT"]
[Termination "FLamps8 won by resignation"]

1. e4 c6 2. d4 d5 3. Nc3 dxe4 4. Nxe4 Bf5 5. Ng3 Bg6 6. f4 e6 7. Nf3 Nd7 8. h4 h6 9. h5 Bh7 10. Bd3 Bxd3 11. Qxd3 Ngf6 12. Bd2 Qc7 13. Ne5 c5 14.
c3 Rd8 15. Qe2 cxd4 16. cxd4 Qb6 17. Bc3 Be7 18. O-O O-O 19. Kh1 Nd5 20. f5 Nxe5 21. dxe5 Bh4 22. Qg4 Bg5 23. Rf3 Nxc3 24. bxc3 exf5 25.
Rxf5 Qb2 26. Raf1 Qxc3 27. Ne4 Rd4 28. e6 Qc4 29. exf7+ Kh8 30. Re1 Be3 31. Re5 Bd2 32.
Rf1 Qxf1+ 33. Kh2 Qf4+ 34. Qxf4 Bxf4+ 0-1

[Event "GrandPrix_29.05"]
[Site "Chess.com"]
[Date "2020.05.29"]
[Round "5"]
[White "hubertsmazak"]
[Black "Sanan_Sjugirov"]
[Result "1/2-1/2"]
[WhiteElo "2554"]
[BlackElo "2791"]
[TimeControl "600+2"]
[EndTime "11:31:40 PDT"]
[Termination "Game drawn by agreement"]

1. d4 Nf6 2. c4 e6 3. g3 d5 4. Bg2 Bb4+ 5. Nd2 O-O 6. Nf3 b6 7.
O-O Bb7 8. b3 Nbd7 9. Bb2 a5 10.
a3 Be7 11. Rc1 c5 12. cxd5 Bxd5 13. Re1 Ne4 14. Nc4 cxd4 15. Nxd4 Bc5 16. Ne3 Bb7 17.
Qc2 Rc8 18. Bxe4 Bxd4 19. Qd2 Bxb2 20. Rxc8 Qxc8 21. Bxb7 Qxb7 22. Qxb2 Nf6 23. Rd1 h6 24. f3 Qc6 25. Qc1 Qb5 26. Qc4 Qe5 27. Qd4 Qb5 28.
Qc4 Qe5 29. Qd4 Qc7 30. Qc4 Qb8 31. Rc1 Rd8 32. Qc7 Qxc7 33. Rxc7 Rd2 34. Kf2 Rb2 35. Rc8+ Kh7 36. Rc3 Ra2 37. Rc6 b5 38. Rc5 Rxa3 39.
Rxb5 a4 40. bxa4 Rxa4 41. Rb7 Kg6 42. Rb5 Ne8 43. h4 h5 44. Rg5+ Kh6 45. Rc5 Nf6 46.
Rc7 Kg6 47. Rc5 Kh6 1/2-1/2

[Event "GrandPrix_29.05"]
[Site "Chess.com"]
[Date "2020.05.29"]
[Round "5"]
[White "VolodymyrMolyboha"]
[Black "DaggiGretarsson"]
[Result "1-0"]
[WhiteElo "2297"]
[BlackElo "2088"]
[TimeControl "600+2"]
[EndTime "11:31:40 PDT"]
[Termination "VolodymyrMolyboha won on time"]

1. e4 g6 2. d4 Bg7 3. Nc3 d6 4. g3 Nf6 5. Bg2 O-O 6. Nge2 Nbd7 7. h3 Rb8 8. a4 b6 9. O-O a6 10. Be3 Bb7 11. g4 b5 12. axb5 axb5 13. Ng3 b4 14. Nce2 e5 15. Qd2 exd4 16. Nxd4 Nc5 17.
Bg5 Qd7 18. Rfe1 Rfe8 19. f3 Ba6 20. Rad1 Rb6 21. Nb3 Nxb3 22. cxb3 Qe6 23. Qc2 Nd7 24.
Be3 Nc5 25. f4 Rb5 26. Bf1 Qxb3 27. Qxb3 Nxb3 28. Bxb5 Bxb5 29. e5 dxe5 30. f5 e4 31. g5 Bxb2 32. f6 Bd3 33. Bf4 Bd4+ 34. Kh2 c5 35. Rxd3 c4 36. Rdd1 c3 37. Rxe4 Rxe4 38.
Nxe4 c2 39. Re1 h5 40. Nd6 1-0

[Event "GrandPrix_29.05"]
[Site "Chess.com"]
[Date "2020.05.29"]
[Round "5"]
[White "ehrenfeld"]
[Black "Glek_Igor"]
[Result "0-1"]
[WhiteElo "2174"]
[BlackElo "2497"]
[TimeControl "600+2"]
[EndTime "11:31:43 PDT"]
[Termination "Glek_Igor won on time"]

1. e4 c5 2. Nf3 a6 3. g3 Nc6 4. Bg2 g6 5. d4 cxd4 6. Nxd4 Bg7 7. Nxc6 bxc6 8. O-O Nf6 9. c4 O-O 10. Nc3 d6 11. e5 dxe5 12. Qxd8 Rxd8 13. Bxc6 Rb8 14. b3 Bh3 15. Bg2 Bxg2 16. Kxg2 Rd3 17. Na4 Nd7 18. Be3 e4 19. Rac1 f5 20. c5 Be5 21.
c6 Nf6 22. Nc5 Rd6 23. Nxa6 Rc8 24. Nb4 Bb2 25. Bc5 Bxc1 26. Bxd6 Ba3 27. Bxe7 Bxb4 28.
Bxb4 Rxc6 29. Rd1 Ng4 30. Rd8+ Kf7 31. Rd7+ Ke6 32. Rd2 Ne5 33. a4 Rc1 34. Rd6+ Kf7 35.
g4 Nf3 0-1

[Event "GrandPrix_29.05"]
[Site "Chess.com"]
[Date "2020.05.29"]
[Round "5"]
[White "Natalya_Buksa"]
[Black "Mizner"]
[Result "0-1"]
[WhiteElo "2096"]
[BlackElo "2111"]
[TimeControl "600+2"]
[EndTime "11:31:45 PDT"]
[Termination "Mizner won by resignation"]

1. e4 e6 2. d4 d5 3. Nd2 c5 4. Ngf3 cxd4 5. Nxd4 Nc6 6. Bb5 Bd7 7. Nxc6 bxc6 8. Bd3 Qc7 9. O-O Ne7 10. Qe2 g6 11. Nf3 Bg7 12. Bg5 Rb8 13. c3 f6 14. Bh4 e5 15.
Rfe1 O-O 16. exd5 Nxd5 17. Bg3 Rfe8 18. Bc4 Kh8 19. Rad1 Be6 20. h4 Qb6 21. Bb3 Bg4 22. Qc2 Rbd8 23. Rd2 Bxf3 24. gxf3 Bh6 25. Rde2 Nf4 26. Re4 Nd3 27. Rd1 Nc5 28. Re2 Rxd1+ 29. Qxd1 Rd8 30. Qc2 Rd3 31. Bc4 Rxf3 32. b4 Na4 33. Kh2 Nxc3 34. Rd2 Bxd2 35. Qxd2 Qd4 36. Qh6 Qxc4 37. Qf8+ Qg8 38. Qc5 Qe8 39. Kg2 Rd3 40.
Qc4 Qd7 41. h5 Ne2 42. hxg6 hxg6 43. Qh4+ Kg7 44. b5 Nxg3 0-1

[Event "GrandPrix_29.05"]
[Site "Chess.com"]
[Date "2020.05.29"]
[Round "5"]
[White "Margency"]
[Black "haddinibilbaoo"]
[Result "1-0"]
[WhiteElo "1990"]
[BlackElo "2114"]
[TimeControl "600+2"]
[EndTime "11:31:46 PDT"]
[Termination "Margency won by resignation"]

1. e4 c5 2. Nf3 Nc6 3. d4 cxd4 4. Nxd4 e5 5. Nb5 d6 6. c4 Be7 7. N1c3 a6 8. Na3 Nf6 9. Nc2 O-O 10. Be2 Be6 11. O-O Rc8 12. b3 b5 13. cxb5 axb5 14.
Bf3 Qa5 15. Bd2 b4 16. Na4 d5 17. exd5 Nxd5 18. a3 Qb5 19. axb4 Ndxb4 20. Na3 Qd3 21. Rb1 Nd4 22. Bxb4 Qxd1 23. Bxd1 Bxb4 24. Nc4 f6 25.
Nab6 Rcd8 26. Ne3 f5 27. Nbc4 e4 28. Nc2 Bc5 29. Nxd4 Rxd4 30. Be2 f4 31. Rfd1 f3 32. Rxd4 Bxd4 33. gxf3 exf3 34. Bd3 Rf4 35. Re1 Rg4+ 36. Kf1 Bf7 37. Be4 Rg2 38. Ne3 Rxh2 39. Bxf3 Bxb3 40. Kg1 Rh6 41. Nf5 Rg6+ 42. Bg2 Bc5 43. Re5 Bf8 44. Rb5 Bf7 45. Rb8 h6 46. Ne7+ 1-0

[Event "GrandPrix_29.05"]
[Site "Chess.com"]
[Date "2020.05.29"]
[Round "5"]
[White "Bacyanide"]
[Black "igorkovalenko"]
[Result "1-0"]
[WhiteElo "2414"]
[BlackElo "2156"]
[TimeControl "600+2"]
[EndTime "11:31:57 PDT"]
[Termination "Bacyanide won by resignation"]

1. d4 Nf6 2. Nf3 b6 3. Bf4 Bb7 4. e3 g6 5. Nbd2 Bg7 6. h3 d6 7. a4 a5 8. Bd3 O-O 9. O-O Nbd7 10. Bh2 e6 11. c3 Qe7 12. Nc4 Ne4 13. Qc2 f5 14. Nfd2 Ng5 15. Na3 h5 16. f4 Nf7 17.
e4 Nf6 18. Rae1 Qd7 19. Nb5 Rae8 20. d5 fxe4 21. dxe6 Rxe6 22. Nxe4 Nxe4 23. Rxe4 Bxe4 24. Bxe4 c6 25. Nd4 Bxd4+ 26. cxd4 Qe7 27. Bxg6 Qf6 28. f5 Qxd4+ 29. Kh1 Rf6 30. Bxh5 Ne5 31. Bg3 Qc4 32. Qd1 Qd5 33. Bxe5 Qxd1 34. Bxd1 dxe5 35. g4 Rd6 36. Bb3+ Kg7 37. g5 e4 38. Bc2 Rd4 39. h4 Rh8 40.
Rf4 Re8 41. h5 e3 42. f6+ Kg8 43. f7+ 1-0

[Event "GrandPrix_29.05"]
[Site "Chess.com"]
[Date "2020.05.29"]
[Round "5"]
[White "chessdjw"]
[Black "eljanov"]
[Result "0-1"]
[WhiteElo "2132"]
[BlackElo "2399"]
[TimeControl "600+2"]
[EndTime "11:32:01 PDT"]
[Termination "eljanov won by resignation"]

1. e4 e5 2. Nf3 Nc6 3. Bb5 g6 4. c3 a6 5. Ba4 Bg7 6. d4 exd4 7. cxd4 b5 8. Bb3 Nge7 9. Nc3 d6 10. O-O O-O 11. h3 Na5 12. Bc2 Bb7 13. Re1 Re8 14. Bf4 Nc4 15. b3 Na3 16. Bd3 Nc6 17. Bf1 b4 18.
Nd5 Nxd4 19. Nxd4 Bxd5 20. exd5 Rxe1 21. Qxe1 Bxd4 22. Rc1 Bc5 23. Qd2 Nb5 24. Bg5 Qf8 25. Re1 f6 26. Bh6 Qf7 27. Bxb5 axb5 28. Re6 Re8 29. Qe2 Rxe6 30. dxe6 Qe8 31. g4 d5 32. Kg2 Bf8 33. Bxf8 Kxf8 34. f4 Qc6 35. f5 Ke7 36.
Qd2 d4+ 37. Kf2 Qc5 38. Qd3 Qe5 39. Kf3 c6 40. Qe4 Qc5 41. Qf4 Qe5 42. Qxe5 fxe5 43. Ke4 c5 44. Kxe5 d3 45. f6+ Ke8 46. e7 Kf7 47.
Kd6 d2 0-1

[Event "GrandPrix_29.05"]
[Site "Chess.com"]
[Date "2020.05.29"]
[Round "5"]
[White "Yurovskykh_Alexander"]
[Black "0plaksin0"]
[Result "1-0"]
[WhiteElo "2209"]
[BlackElo "2172"]
[TimeControl "600+2"]
[EndTime "11:32:02 PDT"]
[Termination "Yurovskykh_Alexander won by resignation"]

1. d4 Nf6 2. Nf3 g6 3. Bg5 Bg7 4. Nbd2 d5 5. e3 O-O 6. Be2 c5 7. c3 Nc6 8. O-O b6 9. Qa4 Bb7 10. Rfd1 cxd4 11. exd4 h6 12. Bh4 Nh5 13. Bg3 Nxg3 14.
hxg3 e6 15. Re1 Qd7 16. Qd1 Rfd8 17. Bd3 Rac8 18. Qe2 Re8 19. Ne5 Nxe5 20. dxe5 d4 21. c4 Rc5 22. f4 Bf8 23. Ne4 Bxe4 24. Qxe4 Rc7 25. Kf2 a6 26. a4 a5 27. b3 Qc6 28.
Qe2 Qc5 29. Rh1 Qe7 30. Rh3 Bg7 31. Rah1 Qf8 32. g4 Rc5 33. Qe4 Rd8 34. g3 Rd7 35. R1h2 Rd8 36. Qh1 Rd7 37. g5 h5 38. g4 f5 39. gxf6 Bxf6 40. exf6 Qxf6 41. Qe4 g5 42.
Rxh5 gxf4 43. Rh8+ Qxh8 44. Qxe6+ Rf7 45. Rxh8+ Kxh8 1-0

[Event "GrandPrix_29.05"]
[Site "Chess.com"]
[Date "2020.05.29"]
[Round "5"]
[White "GM_LOADING"]
[Black "Martin_Petrov2000"]
[Result "1-0"]
[WhiteElo "2342"]
[BlackElo "2080"]
[TimeControl "600+2"]
[EndTime "11:32:04 PDT"]
[Termination "GM_LOADING won by resignation"]

1. e4 c5 2. Nf3 d6 3. d4 cxd4 4. Nxd4 Nf6 5. Nc3 a6 6. h3 e5 7.
Nde2 b5 8. g4 b4 9. Nd5 Nxd5 10.
Qxd5 Ra7 11. Be3 Be6 12. Qd2 Rd7 13. Bg2 h5 14. gxh5 Rxh5 15. Ng3 Rh7 16. Bg5 f6 17.
Be3 d5 18. exd5 Bxd5 19. Bxd5 Rxd5 20. Qe2 g6 21. h4 Kf7 22. h5 g5 23. Qf3 Kg8 24. Ne4 Be7 25. Ke2 Rh6 26. Rad1 Rd7 27.
Rxd7 Qxd7 28. Rd1 Qc6 29. Qf5 Qxc2+ 30. Rd2 Qc4+ 31. Kf3 Qf7 32. Ng3 Rh8 33. h6 Nc6 34. Qc8+ Nd8 35. Rd7 f5 36. Bxg5 e4+ 37. Kg2 Bxg5 38. Rxf7 Kxf7 39. Qxf5+ Bf6 40. h7 Ne6 41. Nxe4 1-0

[Event "GrandPrix_29.05"]
[Site "Chess.com"]
[Date "2020.05.29"]
[Round "5"]
[White "troisi"]
[Black "benko_008"]
[Result "0-1"]
[WhiteElo "1524"]
[BlackElo "2052"]
[TimeControl "600+2"]
[EndTime "11:32:04 PDT"]
[Termination "benko_008 won by checkmate"]

1. e4 c5 2. c3 Nf6 3. e5 Nd5 4. d4 cxd4 5. cxd4 e6 6. Nf3 d6 7. Bc4 Nc6 8. O-O Be7 9. Qe2 O-O 10. Nc3 dxe5 11. dxe5 Nxc3 12. bxc3 Qa5 13. Bd2 Rd8 14.
Qe4 Bd7 15. Rfe1 Be8 16. Bd3 g6 17. c4 Qa3 18. Bc2 Nb4 19. Bg5 Nxc2 20. Qxc2 Bc6 21. Re3 Qc5 22. Bxe7 Qxe7 23. Rd1 Kg7 24. Nd4 Qc5 25.
Nxc6 Qxc6 26. Red3 Rxd3 27. Rxd3 Qe4 28. g3 Rd8 29. Rc3 Qe1+ 30. Kg2 Rd1 31. Re3 Qh1+ 32. Kh3 Qf1+ 33. Kg4 Rc1 34. Qd3 Rxc4+ 35. Kf3 Qh1+ 36. Ke2 Rc1 37. Qd2 Ra1 38. h4 b6 39. Ra3 Qf1+ 40. Kf3 Re1 41. Qf4 Qh1+ 42. Kg4 Re4 43.
Rf3 h5+ 44. Kg5 Rxf4 45. Rxf4 Qd5 46. Re4 Qxe4 47. f4 Qf5# 0-1

[Event "GrandPrix_29.05"]
[Site "Chess.com"]
[Date "2020.05.29"]
[Round "5"]
[White "EvgenyPigusov"]
[Black "Semen_Khanin"]
[Result "1/2-1/2"]
[WhiteElo "2242"]
[BlackElo "2399"]
[TimeControl "600+2"]
[EndTime "11:32:06 PDT"]
[Termination "Game drawn by stalemate"]

1. Nf3 Nf6 2. c4 g6 3. g3 Bg7 4. Bg2 O-O 5. d4 d5 6. cxd5 Nxd5 7.
O-O Nc6 8. e4 Nb6 9. d5 Na5 10.
Nc3 c6 11. Bf4 cxd5 12. Nxd5 Nxd5 13. exd5 Nc4 14. b3 Nd6 15. Be5 Bxe5 16. Nxe5 Bf5 17. Re1 Rc8 18. Qd4 f6 19. Nc4 b6 20. Ne3 Bd7 21. Qd2 Qc7 22. Rac1 Qb8 23. Nc2 Rfe8 24.
Nd4 Rxc1 25. Qxc1 Nf5 26. Nc6 Qd6 27. Be4 e5 28. a4 Nd4 29. Qc3 Rc8 30. f4 Nxc6 31.
dxc6 Bxc6 32. fxe5 fxe5 33. Bxc6 Rxc6 34. Qxe5 Qxe5 35.
Rxe5 Rc3 36. Rb5 Kf7 37. a5 Rc5 38. Rb4 Rxa5 39. Kg2 Ra2+ 40. Kf3 Rxh2 41. Ra4 a5 42. b4 Rh5 43. bxa5 Rxa5 44. Rb4 Rf5+ 45. Ke4 b5 46. Rb1 h5 47. Rc1 Kf6 48. Rc6+ Kg5 49. Rb6 Rc5 50.
Kf3 Kf5 51. Kg2 g5 52. Kh3 Ke4 53. Rh6 g4+ 54. Kh4 Kd4 55. Rd6+ Rd5 56. Rb6 Ke4 57.
Rxb5 Rxb5 1/2-1/2

[Event "GrandPrix_29.05"]
[Site "Chess.com"]
[Date "2020.05.29"]
[Round "5"]
[White "Vuk2000"]
[Black "SamadovRead"]
[Result "1-0"]
[WhiteElo "2242"]
[BlackElo "1961"]
[TimeControl "600+2"]
[EndTime "11:32:06 PDT"]
[Termination "Vuk2000 won by resignation"]

1. d4 Nf6 2. Bg5 d5 3. Bxf6 exf6 4. e3 Bd6 5. g3 c6 6. Bg2 O-O 7. Nd2 f5 8. Ne2 Nd7 9. c4 dxc4 10. Nxc4 Bb4+ 11.
Nc3 Nb6 12. Ne5 Nd7 13. Nd3 Bd6 14. O-O Nb6 15. Nc5 Qe7 16. b4 a5 17. a3 axb4 18.
axb4 Be6 19. Qc2 g6 20. Nxe6 Qxe6 21. b5 Qc4 22. bxc6 bxc6 23. Qb2 Rab8 24. Rfc1 Qe6 25. Qa2 Rfc8 26. Qa6 Bb4 27. Rab1 c5 28. Nb5 Nd7 29. Qxe6 fxe6 30. Na7 Rf8 31. Bc6 Rf7 32. Bxd7 Rxd7 33.
Nc6 Rb6 34. Ne5 Rd5 35. Nd3 Ra6 36. Nf4 Rd8 37. dxc5 Ba3 38. Rc3 Rc8 39. Ra1 Bb2 40.
Rxa6 Bxc3 41. Nxe6 Bb4 42. c6 Kf7 43. Nd4 Kf6 44.
Nb5 Ke5 45. c7 Kd5 46. Rb6 Ba5 47. Rb8 Rxc7 48. Nxc7+ Bxc7 49. Rh8 h5 50. Rh6 1-0

[Event "GrandPrix_29.05"]
[Site "Chess.com"]
[Date "2020.05.29"]
[Round "5"]
[White "imdvb6307"]
[Black "PotapovaM"]
[Result "1/2-1/2"]
[WhiteElo "2105"]
[BlackElo "2172"]
[TimeControl "600+2"]
[EndTime "11:32:09 PDT"]
[Termination "Game drawn by repetition"]

1. c4 Nf6 2. Nc3 e6 3. e4 d5 4. e5 d4 5. exf6 dxc3 6. fxg7 cxd2+ 7. Qxd2 Qxd2+ 8. Bxd2 Bxg7 9. O-O-O Nc6 10. Nf3 b6 11. Bd3 Bb7 12. Kc2 O-O-O 13. Bc3 Bxc3 14. Kxc3 Rhg8 15. Rhg1 Ne7 16. Be2 Rxd1 17. Bxd1 Nf5 18. g3 Nd6 19. Nd2 Ne4+ 20. Nxe4 Bxe4 21. Re1 Bf5 22. g4 Bg6 23. f4 Rd8 24. Be2 c5 25. Rd1 Rxd1 26. Bxd1 Kc7 27. Kd2 Kd6 28. Ke3 Bb1 29. a3 a6 30. Be2 f6 31. h4 e5 32. f5 h5 33. g5 fxg5 34. hxg5 Bxf5 35. Bxh5 Ke6 36. Kf2 Bd3 37. Bg4+ Bf5 38. Be2 Bc2 39. Bg4+ Bf5 40. Be2 Bc2 41. Bg4+ Bf5 1/2-1/2

[Event "GrandPrix_29.05"]
[Site "Chess.com"]
[Date "2020.05.29"]
[Round "5"]
[White "Arseniy_Nesterov"]
[Black "Nikithebest"]
[Result "1-0"]
[WhiteElo "2300"]
[BlackElo "2123"]
[TimeControl "600+2"]
[EndTime "11:32:12 PDT"]
[Termination "Arseniy_Nesterov won by resignation"]

1. d4 Nf6 2. c4 c5 3. d5 b5 4. Qc2 g6 5. e4 d6 6. Nf3 Bg7 7.
cxb5 a6 8. Nc3 O-O 9. a4 e6 10.
dxe6 fxe6 11. Bg5 h6 12. Bxf6 Qxf6 13. e5 dxe5 14. Bd3 axb5 15. Nxb5 Bb7 16. Be4 Nc6 17.
Qxc5 Rac8 18. Qb6 Nd4 19. Qxb7 Rb8 20. Qa6 Ra8 21. Bxa8 Nc2+ 22. Ke2 Nxa1 23. Be4 Nb3 24. Rd1 Qf4 25. Qxe6+ Kh8 26. Qxg6 Kg8 27. Qe6+ Kh8 28. Qxb3 Qxe4+ 29. Kf1 Qf4 30. Qe3 Qxa4 31. Nc3 Qc4+ 32. Qe2 Qf7 33. Nd2 Rb8 34. Nde4 Qb3 35. Rd2 Ra8 36.
g3 Rf8 37. Kg2 Qb7 38. f3 Qf7 39. Nd5 Rd8 40. Ne3 Rb8 41. Rc2 Rf8 42. b4 Qb3 43. Rb2 Qe6 44. b5 Rb8 45. Qc4 Qb6 46. Nd5 Qa5 47. b6 Qa1 48. Qe2 Bf8 49. Nec3 Bd6 50.
b7 Rf8 51. Ra2 Qc1 52. Ra8 Bb8 53. Rxb8 1-0

[Event "GrandPrix_29.05"]
[Site "Chess.com"]
[Date "2020.05.29"]
[Round "5"]
[White "SuperFineHipster"]
[Black "ALeks_Ivlev"]
[Result "1-0"]
[WhiteElo "2148"]
[BlackElo "2126"]
[TimeControl "600+2"]
[EndTime "11:32:12 PDT"]
[Termination "SuperFineHipster won by resignation"]

1. Nf3 d5 2. g3 Nf6 3. Bg2 c6 4.
O-O Bf5 5. d3 h6 6. c4 e6 7. Be3 Nbd7 8. Nc3 Ng4 9. Bd2 dxc4 10.
dxc4 Bc5 11. Na4 Be7 12. Qb3 Qc8 13. Bb4 Bc2 14. Qxc2 Bxb4 15. c5 Ngf6 16. a3 Ba5 17. b4 Bc7 18. Nb2 O-O 19. Nc4 a5 20. e4 Ng4 21.
Qc3 Qb8 22. Nd4 Nge5 23. Ne3 Ng6 24. f4 e5 25. Ndf5 f6 26. Rad1 Qe8 27. Bh3 Rd8 28.
Nc4 exf4 29. Nfd6 Qe7 30. gxf4 b5 31. Nf5 Qxe4 32. Ncd6 Bxd6 33. Nxd6 Qe2 34. Rde1 Qh5 35. Be6+ Kh7 36. Qg3 f5 37. Rf2 Rf6 38. Rg2 Ndf8 39. Bb3 Qh4 40. Ne8 Rxe8 41. Rxe8 axb4 42. axb4 Qxf4 43.
Qxf4 Nxf4 44. Rd2 N8g6 45. Bg8+ Kh8 46. Rd6 h5 47. Rxf6 gxf6 48. Bd5+ Kg7 49. Bxc6 Nd3 50. Bxb5 Nxb4 51. c6 Nd5 52. Bc4 Nb6 53. c7 f4 54.
Rb8 1-0

[Event "GrandPrix_29.05"]
[Site "Chess.com"]
[Date "2020.05.29"]
[Round "5"]
[White "Elshadchess"]
[Black "Yaroslav_Remizov"]
[Result "0-1"]
[WhiteElo "1682"]
[BlackElo "2079"]
[TimeControl "600+2"]
[EndTime "11:32:12 PDT"]
[Termination "Yaroslav_Remizov won by resignation"]

1. Nc3 d5 2. e4 c6 3. Nf3 dxe4 4. Nxe4 Nf6 5. Nxf6+ exf6 6. Bc4 Bd6 7. Qe2+ Qe7 8. Qxe7+ Kxe7 9. d4 Be6 10. Bd3 Na6 11. c3 Nc7 12. c4 c5 13. d5 Bg4 14. Nh4 Be5 15. Bf5 h5 16. h3 Bxf5 17. Nxf5+ Kd7 18. f4 Bd6 19. O-O Bf8 20. Bd2 g6 21. Ng3 f5 22. Bc3 Rg8 23. Rae1 Bd6 24. Be5 b5 25. b3 bxc4 26. bxc4 Rab8 27. Rb1 Rge8 28.
Bxd6 Kxd6 29. Kf2 Rb4 30. Rxb4 cxb4 31. Rc1 a5 32. Nf1 Na6 33. Nd2 Nc5 34. Kf3 a4 35.
Rb1 Nd3 36. g4 hxg4+ 37. hxg4 fxg4+ 38. Kxg4 Re2 39. Rd1 Nf2+ 40. Kf3 Nxd1 41. Kxe2 Nc3+ 42. Kd3 Nxa2 43. Ne4+ Kc7 44. c5 a3 45. Kc2 Nc3 46. Nxc3 bxc3 47. Kxc3 f6 48. Kb3 g5 49. fxg5 fxg5 50.
Kxa3 g4 51. Kb4 g3 52. Kb5 g2 53. d6+ Kd7 54. Kb6 g1=Q 55. Kb5 Qb1+ 56. Kc4 Kc6 57. Kd4 Qb4+ 58. Ke5 Qxc5+ 59. Ke4 Qxd6 60. Ke3 Kd5 61. Kf3 Kd4 62. Kg4 Ke4 63. Kg5 Qe6 0-1